 Dungeon Crawl Stone Soup version 0.23-a0-344-ge122d05 (webtiles) character file.

272072 galech the Severer (level 20, -14/132 HPs)
             Began as a Demonspawn Fighter on Oct 19, 2018.
             Was the Champion of Okawaru.
             Demolished by a torturous warmonger
             ... wielding a +5 demon blade of electrocution
              (23 damage)
             ... in Pandemonium.
             The game lasted 01:19:55 (37704 turns).

galech the Severer (Demonspawn Fighter)            Turns: 37704, Time: 01:19:57

Health: -14/132    AC: 43    Str: 27      XL:     20   Next: 16%
Magic:  8/8        EV:  9    Int:  9      God:    Okawaru [******]
Gold:   2452       SH: 23    Dex: 25 (26) Spells: 19/19 levels left

rFire    + . .     SeeInvis .   G - +9 broad axe of Toerutuz {antimagic, Fragile +Rage +Fly rElec}
rCold    + + .     Gourm    .   g - +0 large shield
rNeg     . . .     Faith    .   L - +10 plate armour of Caogeu {Stlth+}
rPois    +         Spirit   .   R - +2 helmet
rElec    +         Reflect  .   P - +2 cloak
rCorr    .         Harm     .   m - +2 pair of gloves of Instinct {rPois rF+ Str+4}
MR       +....                  (boots unavailable)
Stlth    ..........             o - amulet of the acrobat
HPRegen  0.32/turn              H - ring "Zione" {rC+ AC+4 Str+5 Dex-3 Stlth+}
MPRegen  0.11/turn              E - +6 ring of dexterity

@: about to teleport, sap magic, studying Dodging, drained
A: claws 1, talons 3, icy blue scales 3, agile 1, deterioration 1[+1], [frail
2], powered by pain 2, spiny 2, wild magic 1, augmentation 2
a: Heroism, Finesse, Renounce Religion, Evoke Berserk Rage, Evoke Flight


You were in Pandemonium.
You worshipped Okawaru.
Okawaru was exalted by your worship.
You were not hungry.

You visited 5 branches of the dungeon, and saw 29 of its levels.
You visited Pandemonium 1 time, and saw 2 of its levels.
You visited the Abyss 1 time.
You also visited: Ice Cave.

You collected 3744 gold pieces.
You spent 1292 gold pieces at shops.

Inventory:

Hand Weapons
 k - a +8 broad axe of chopping
 l - a +0 broad axe of freezing
 y - a +0 war axe of flaming
 G - the +9 broad axe of Toerutuz (weapon) {antimagic, Fragile +Rage +Fly rElec}
   (Okawaru gifted it to you on level 1 of the Depths)

   It reduces the magical energy of the wielder, and disrupts the spells and
   magical abilities of those hit.
   Natural abilities and divine invocations are not affected.
   It insulates you from electricity.
   It lets you fly.
   It lets you go berserk.
   It will be destroyed if unequipped.
Armour
 g - a +0 large shield (worn)
 m - the +2 pair of gloves of Instinct (worn) {rPois rF+ Str+4}
   (You bought it in a shop on level 2 of the Orcish Mines)

   It affects your strength (+4).
   It protects you from fire.
   It protects you from poison.
 D - the +0 plate armour of Ekhlur Inut {rElec MR- Stlth+}
   (Okawaru gifted it to you on level 9 of the Dungeon)

   It insulates you from electricity.
   It affects your resistance to hostile enchantments.
   It makes you more stealthy.
 L - the +10 plate armour of Caogeu (worn) {Stlth+}
   (You found it on level 3 of the Lair of Beasts)

   It makes you more stealthy.
 P - a +2 cloak (worn)
 R - a +2 helmet (worn)
 U - a +0 crystal plate armour
 V - +0 ice dragon scales
 X - +0 fire dragon scales
Jewellery
 o - an amulet of the acrobat (around neck)
 r - an uncursed amulet of regeneration
 s - an uncursed ring of positive energy
 t - the ring "Direts" {rCorr Dex+2}
   (You found it on level 3 of the Depths)

   [ring of resist corrosion]

   It affects your dexterity (+2).
 v - an uncursed ring of protection from magic
 C - an uncursed ring of flight
 E - a +6 ring of dexterity (right hand)
 H - the ring "Zione" (left hand) {rC+ AC+4 Str+5 Dex-3 Stlth+}
   (You bought it in a shop on level 1 of the Orcish Mines)

   [ring of protection]

   It affects your AC (+4).
   It affects your strength (+5).
   It affects your dexterity (-3).
   It protects you from cold.
   It makes you more stealthy.
 M - an uncursed ring of positive energy
 N - an uncursed ring of protection from fire
 T - a +2 amulet of reflection
Wands
 a - a wand of digging (12)
 q - a wand of disintegration (19)
 W - a wand of random effects (23)
Scrolls
 b - 3 scrolls of fear
 e - 12 scrolls of remove curse
 h - 4 scrolls of teleportation
 i - 3 scrolls of fog
 z - a scroll of amnesia
 A - 4 scrolls of blinking
 F - 6 scrolls of magic mapping
 J - 3 scrolls of enchant armour
 S - 3 scrolls of identify
 Z - a scroll of summoning
Potions
 c - 2 potions of ambrosia
 d - 8 potions of might
 j - 3 potions of haste
 n - a potion of mutation
 p - 5 potions of flight {unknown}
 u - 13 potions of curing
 w - 6 potions of cancellation {unknown}
 x - 2 potions of magic {unknown}
 B - 5 potions of brilliance
 I - 2 potions of invisibility
 K - 3 potions of heal wounds
 Y - 3 potions of agility
Books
 O - a manual of Dodging
Comestibles
 f - 41 rations
 Q - a chunk of flesh


   Skills:
 + Level 16.5(15.2) Fighting
 + Level 19.8(18.4) Axes
 + Level 12.6(11.4) Armour
 + Level 5.3(4.4) Dodging
 + Level 2.9(2.0) Stealth
 + Level 17.3(15.9) Shields
 + Level 5.8(4.8) Invocations
 + Level 0.7(0.0) Evocations


You had 19 spell levels left.
You didn't know any spells.
Your spell library contained the following spells:

 Spells                   Type           Power        Failure   Level  Hunger
 Confusing Touch          Hex            #.....       100%        1    ##.....
 Flame Tongue             Conj/Fire      #....        100%        1    ##.....
 Infusion                 Chrm           #...         100%        1    ##.....
 Magic Dart               Conj           #...         100%        1    ##.....
 Sandblast                Erth           #.....       100%        1    ##.....
 Blink                    Tloc           N/A          100%        2    ###....
 Call Imp                 Summ           #.......     100%        2    ###....
 Passwall                 Tmut/Erth      #.......     100%        2    ###....
 Searing Ray              Conj           #.....       100%        2    ###....
 Shroud of Golubria       Chrm/Tloc      #.........   100%        2    ###....
 Slow                     Hex            #.......     100%        2    ###....
 Song of Slaying          Chrm           #.......     100%        2    ###....
 Throw Flame              Conj/Fire      #.....       100%        2    ###....
 Confuse                  Hex            #.......     100%        3    ####...
 Conjure Flame            Conj/Fire      #.......     100%        3    ####...
 Dazzling Spray           Conj/Hex       #.....       100%        3    ####...
 Gell's Gravitas          Tloc           #.........   100%        3    ####...
 Inner Flame              Hex/Fire       #.......     100%        3    ####...
 Mephitic Cloud           Conj/Pois/Air  #.......     100%        3    ####...
 Portal Projectile        Hex/Tloc       #.....       100%        3    ####...
 Regeneration             Chrm/Necr      #.........   100%        3    ####...
 Spectral Weapon          Hex/Chrm       #.......     100%        3    ####...
 Stone Arrow              Conj/Erth      #.....       100%        3    ####...
 Force Lance              Conj/Tloc      #.......     100%        4    #####..
 Fulminant Prism          Conj/Hex       #.........   100%        4    #####..
 Iskenderun's Mystic Bla  Conj           #.......     100%        4    #####..
 Petrify                  Tmut/Erth      #.......     100%        4    #####..
 Sticky Flame             Conj/Fire      #.......     100%        4    #####..
 Fireball                 Conj/Fire      #.........   100%        5    ######.
 Lee's Rapid Deconstruct  Erth           #.........   100%        5    ######.
 Metabolic Englaciation   Hex/Ice        #.........   100%        5    ######.
 Yara's Violent Unravell  Hex/Tmut       #.........   100%        5    ######.
 Dispersal                Tloc           #.........   100%        6    #######
 Controlled Blink         Tloc           N/A          100%        8    #######
 Disjunction              Tloc           #.........   100%        8    #######


Dungeon Overview and Level Annotations

Branches:
Dungeon (15/15)            Temple (1/1) D:4            Lair (6/6) D:9
 Shoals (0/4) Lair:3        Snake (0/4) Lair:3        Slime (0/5) Lair:6
    Orc (2/2) D:10            Elf (0/3) Orc:2        Vaults (0/5) D:14
 Depths (5/5) D:15
    Zot: Depths:5

Altars:
Cheibriados
Dithmenos
Elyvilon
Fedhas
Gozag
Kikubaaqudgha
Makhleb
Nemelex Xobeh
Okawaru
Qazlal
Ru
Sif Muna
Trog
Vehumet
Wu Jian
Xom
Yredelemnul
Zin
The Shining One
Beogh
Jiyva
Lugonu

Shops:
D:6 %   D:9 :   D:13 (   D:15 !   Orc:1 =   Orc:2 ([*[   Depths:1 %
Depths:4 *[**

Portals:
Hell: Depths:1 Depths:2 Depths:3 Depths:4
Abyss: Depths:2 Depths:4
Pandemonium: Depths:2 Depths:3 Depths:5
Ziggurat: Depths:2

Annotations:
Depths:5 Sojobo


Innate Abilities, Weirdness & Mutations

You have claws for feet.
You are completely covered in icy blue scales. (AC +4, rC+)
You sometimes gain power by taking damage.
You are mostly covered in sharp spines.
Your magical and physical power is enhanced at high health.
You have sharp fingernails.
You are agile. (Dex +2)
Your spells are a little harder to cast, but a little more powerful.
[Your body often deteriorates upon taking damage.]
[You are very frail. (-20% HP)]


Message History

The torturous warmonger is heavily wounded.
You hit the infernal warmonger.
The infernal warmonger hits you with a +2 great mace of draining.
* * * LOW HITPOINT WARNING * * *
You are engulfed in flames!
You resist.
* * * LOW HITPOINT WARNING * * *
You feel drained.
The torturous warmonger blocks your attack.
You claw the torturous warmonger, but do no damage.
The torturous warmonger is heavily wounded.
You hit the infernal warmonger but do no damage.
You block the infernal warmonger's attack.
Unknown command.
As you read the scroll of teleportation, it crumbles to dust.
You feel strangely unstable. The smoke demon gestures at you.
Lugonu smites you!
* * * LOW HITPOINT WARNING * * *
The torturous warmonger hits you with a +5 demon blade of electrocution!!
You die...

+.+ #.... #.# #.... #...
... #...5 # ...# +.# +
#..53 #....# #.# .# #.534
#...###.###.# .# #.322
#............ .#
##5526#####.######..###
.##.5s16@......# ##..##
..#55######...# ##... .##
#...# #... #.#
###.#.##### ##.# ......
##.######......#..####.#
......
#........###.##....##...
.....
##..#.######.#######..#..
..... ##..###.# ###
###....... ....# #..##
#.####. ###.........


You could see 2 demonspawn, a hell beast, an Executioner, a demonic crawler, 2
shadow demons, a smoke demon, 2 ynoxinuls, a chaos spawn and 8 ufetubi.

Vanquished Creatures
  Saint Roka (Depths:1)
  4 caustic shrikes
  A Tzitzimitl (Pan)
  Rupert (D:13)
  3 liches (Depths:4)
  An Ice Fiend (Pan)
  2 tentacled monstrosities
  A quicksilver dragon (Depths:3)
  An Executioner (Pan)
  7 sphinxes
  A storm dragon (Depths:3)
  3 tengu reavers
  10 frost giants
  An azure jelly (Lair:6)
  5 fire giants
  An orc warlord (Orc:2)
  3 corrupters (Pan)
  2 deep elf sorcerers (Depths:4)
  A warmonger (Pan)
  A deep elf elementalist (Depths:3)
  2 cacodemons (Pan)
  A reaper (Pan)
  2 iron dragons (Depths:4)
  15 very ugly things
  A war gargoyle (D:12)
  2 juggernaut skeletons (Depths:3)
  14 stone giants
  A black sun (Pan)
  A lorocyproca (Pan)
  A deep elf annihilator (Depths:4)
  3 vampire knights (Depths:4)
  4 spark wasps
  3 ettins
  A dire elephant (Lair:6)
  An ettin (shapeshifter) (Depths:4)
  2 blizzard demons
  7 yaktaur captains
  3 deep elf high priests (Depths:4)
  6 fire dragons
  Josephine (Lair:4)
  3 ice dragons
  9 hydras
  Erolcha (D:9)
  5 great orbs of eyes
  3 rakshasas
  2 monstrous demonspawn (Pan)
  A centaur warrior (D:13)
  10 death yaks
  23 two-headed ogres
  4 ogre magi
  A merfolk avatar (Lair:6)
  A spriggan air mage (Depths:3)
  13 deep troll shamans
  6 tengu warriors
  A death yak (shapeshifter) (Depths:3)
  13 deep troll earth magi
  4 vampire magi
  3 spriggan berserkers (Depths:3)
  2 orc high priests
  A soul eater (Pan)
  4 hell knights
  A sun demon (Depths:2)
  Sonja (Lair:5)
  A skeletal warrior (D:15)
  A titan skeleton (Depths:3)
  4 sixfirhies (Pan)
  5 iron trolls
  2 shadow demons (Pan)
  A large abomination (Pan)
  A sea snake (shapeshifter) (Depths:3)
  19 deep trolls
  A gelid demonspawn (Pan)
  A wizard (Depths:3)
  2 glowing orange brains
  A lindwurm (Lair:6)
  A flayed ghost (Depths:4)
  A torturous demonspawn (Pan)
  A deep elf archer (D:14)
  2 orc knights
  4 necromancers
  A harpy (Lair:6)
  An oklob plant (Orc:1)
  A tengu zombie (D:15)
  4 orc sorcerers (Orc:2)
  32 ugly things
  5 deep elf magi
  A manticore (shapeshifter) (Depths:4)
  A sphinx skeleton (Depths:3)
  6 cyclopes
  4 manticores
  A guardian serpent (shapeshifter) (D:13)
  A stone giant skeleton (D:15)
  Psyche (D:11)
  23 elephants
  A torpor snail (Lair:5)
  2 smoke demons (Pan)
  13 spiny frogs
  4 gargoyles (D:8)
  6 black mambas
  2 orange demons (Pan)
  A torpor snail (shapeshifter) (Depths:4)
  3 ice statues (IceCv)
  A spiny frog (shapeshifter) (D:12)
  An efreet (D:15)
  A kobold demonologist (D:12)
  2 demonic crawlers (Pan)
  8 ice devils (IceCv)
  A rime drake (Lair:6)
  12 komodo dragons
  2 yaktaurs (shapeshifter)
  3 hellwings (Pan)
  10 tengu conjurers
  41 yaktaurs
  A guardian mummy (D:15)
  5 polar bears
  7 trolls
  A red devil (Depths:2)
  3 meliai (D:13)
  A wind drake (shapeshifter) (Depths:2)
  4 dream sheep (Lair:6)
  6 hornets
  9 blink frogs
  16 slime creatures
  9 hippogriffs
  An ettin zombie (D:15)
  A deep troll zombie (D:15)
  A shadow (D:14)
  2 spriggans (shapeshifter)
  A spriggan (Depths:3)
  46 yaks
  5 wraiths
  A fire elemental (D:11)
  6 wyverns
  2 ynoxinuls
  2 hungry ghosts (D:12)
  3 basilisks
  A neqoxec (Pan)
  A chaos spawn (Pan)
  4 vampire mosquitoes (D:14)
  A naga (Lair:3)
  A warg (Orc:2)
  8 water moccasins
  12 porcupines
  A floating eye (Depths:4)
  2 sky beasts
  A necrophage (D:7)
  4 ice beasts
  44 orc warriors
  14 ogres
  11 boggarts
  5 wolves (Lair:4)
  10 centaurs
  13 crocodiles
  8 big kobolds
  17 bullfrogs
  A water moccasin skeleton (D:11)
  3 scorpions
  15 killer bees
  14 wights
  3 electric eels
  3 crimson imps
  2 bullfrog zombies
  A draconian simulacrum (IceCv)
  2 quasits
  2 centaur zombies
  3 jellies
  2 bullfrog skeletons
  29 orc priests
  4 centaur skeletons
  5 hounds
  3 iguanas
  34 orc wizards
  10 worker ants
  A troll simulacrum (IceCv)
  3 polar bear simulacra (Lair:5)
  A spriggan simulacrum (IceCv)
  2 yak simulacra (Lair:5)
  3 wolf simulacra (Lair:5)
  2 centaur simulacra (IceCv)
  2 hound skeletons (D:4)
  3 hound zombies
  A worker ant zombie (D:6)
  4 gnolls (D:7)
  A howler monkey skeleton (D:7)
  7 adders
  An ogre simulacrum (IceCv)
  4 naga simulacra (IceCv)
  2 shadow imps
  A white imp (Depths:2)
  An adder skeleton (D:5)
  2 worms
  5 leopard geckos
  101 orcs
  6 giant cockroaches
  6 goblins
  5 hobgoblins
  10 jackals
  5 quokkas
  9 bats
  4 frilled lizards
  35 kobolds
  A leopard gecko skeleton (D:4)
  A quokka skeleton (D:5)
  6 rats
  3 river rat simulacra (Lair:5)
  2 fungi
  4 plants
  2 withered plants (D:15)
1150 creatures vanquished.

Vanquished Creatures (others)
  2 deep trolls (Depths:5)
  A boggart (Depths:1)
  2 kobolds (D:8)
  12 fungi (Lair:6)
  26 plants (Lair:6)
  3 withered plants (D:15)
46 creatures vanquished.

Grand Total: 1196 creatures vanquished

Notes
Turn   | Place    | Note
-------+----------+-------------------------------------------
     0 | D:1      | galech the Demonspawn Fighter began the quest for the Orb.
     0 | D:1      | Reached XP level 1. HP: 18/18 MP: 1/1
   160 | D:1      | Gained mutation: You are partially covered in icy blue
                  | scales. (AC +2) [demonic ancestry]
   160 | D:1      | Reached XP level 2. HP: 20/24 MP: 2/2
   384 | D:1      | Reached skill level 2 in Axes
   730 | D:2      | Gained mutation: You are partially covered in sharp spines.
                  | [demonic ancestry]
   730 | D:2      | Reached XP level 3. HP: 29/29 MP: 3/3
  1133 | D:2      | Found an ancient bone altar of Kikubaaqudgha.
  1402 | D:3      | Found a sacrificial altar of Ru.
  1444 | D:3      | Found a burning altar of Makhleb.
  1674 | D:3      | Gained mutation: You have sharp toenails. [demonic
                  | ancestry]
  1674 | D:3      | Reached XP level 4. HP: 35/35 MP: 4/4
  1881 | D:3      | Reached skill level 3 in Axes
  1961 | D:3      | Found a deep blue altar of Sif Muna.
  1991 | D:4      | Found a staircase to the Ecumenical Temple.
  2000 | Temple   | Entered the Ecumenical Temple
  2091 | Temple   | Became a worshipper of Warmaster Okawaru
  2239 | D:4      | Reached XP level 5. HP: 31/41 MP: 5/5
  2790 | D:4      | Gained mutation: You are mostly covered in sharp spines.
                  | [demonic ancestry]
  2790 | D:4      | Reached XP level 6. HP: 47/47 MP: 6/6
  2910 | D:5      | Entered Level 5 of the Dungeon
  2955 | D:5      | Noticed an ice beast
  2966 | D:5      | Killed an ice beast
  2966 | D:5      | Reached * piety under Okawaru
  2966 | D:5      | Reached skill level 4 in Axes
  3039 | D:5      | Reached skill level 1 in Dodging
  3059 | D:5      | Reached XP level 7. HP: 45/53 MP: 7/7
  3383 | D:5      | Reached ** piety under Okawaru
  3383 | D:5      | Reached skill level 5 in Axes
  3529 | D:5      | Reached skill level 1 in Stealth
  3807 | D:6      | Reached skill level 5 in Shields
  3867 | D:6      | Found a sacrificial altar of Ru.
  3968 | D:6      | Found Hiedosen's Food Shop.
  3988 | D:6      | Gained mutation: You have razor-sharp toenails. [demonic
                  | ancestry]
  3988 | D:6      | Reached XP level 8. HP: 60/60 MP: 8/8
  4141 | D:6      | Found a radiant altar of Vehumet.
  4665 | D:7      | Reached *** piety under Okawaru
  4903 | D:7      | Reached skill level 5 in Armour
  5001 | D:7      | Reached skill level 6 in Axes
  5262 | D:8      | Noticed a two-headed ogre
  5274 | D:8      | Killed a two-headed ogre
  5274 | D:8      | Reached **** piety under Okawaru
  5274 | D:8      | Reached skill level 1 in Invocations
  5274 | D:8      | Reached XP level 9. HP: 9/65 MP: 7/9
  5595 | D:8      | Found a basalt altar of Yredelemnul.
  5597 | D:8      | Noticed a profane servitor
  5618 | D:8      | Found a glowing golden altar of the Shining One.
  5737 | D:8      | Noticed a gargoyle
  5749 | D:8      | HP: 1/66 [gargoyle/+0 mace (7)]
  5751 | D:8      | Killed a gargoyle
  5751 | D:8      | Reached skill level 7 in Axes
  6067 | D:8      | Noticed a gargoyle
  6077 | D:8      | Killed a gargoyle
  6136 | D:8      | Noticed a gargoyle
  6143 | D:8      | Killed a gargoyle
  6268 | D:8      | Noticed a gargoyle
  6280 | D:8      | Killed a gargoyle
  6772 | D:8      | Reached XP level 10. HP: 58/73 MP: 11/11
  7094 | D:9      | Reached skill level 8 in Axes
  7358 | D:9      | Found Vifa's Book Boutique.
  7380 | D:9      | Noticed a two-headed ogre
  7391 | D:9      | Killed a two-headed ogre
  7391 | D:9      | Reached ***** piety under Okawaru
  7391 | D:9      | Received a gift from Okawaru
  7391 | D:9      | Reached skill level 5 in Fighting
  7550 | D:9      | Noticed a two-headed ogre
  7559 | D:9      | Killed a two-headed ogre
  7634 | D:9      | Found a white marble altar of Elyvilon.
  7634 | D:9      | Found a snail-covered altar of Cheibriados.
  7641 | D:9      | Found an opulent altar of Gozag.
  7643 | D:9      | Found a blossoming altar of Fedhas.
  7645 | D:9      | Found a bloodstained altar of Trog.
  7674 | D:9      | Found a staircase to the Lair.
  7674 | D:9      | Noticed a death yak
  7675 | D:9      | Noticed a death yak
  7675 | D:9      | Noticed a death yak
  7695 | D:9      | Killed a death yak
  7695 | D:9      | Reached skill level 9 in Axes
  8253 | D:9      | Noticed Erolcha
  8269 | D:9      | Killed Erolcha
  8404 | D:9      | Killed a death yak
  8404 | D:9      | Received a gift from Okawaru
  8404 | D:9      | Gained mutation: You have claws for feet. [demonic
                  | ancestry]
  8404 | D:9      | Reached XP level 11. HP: 61/81 MP: 11/13
  8407 | D:9      | Got a crude plate armour {god gift}
  8418 | D:9      | Identified the +0 plate armour of Ekhlur Inut {rElec MR-
                  | Stlth+} (Okawaru gifted it to you on level 9 of the
                  | Dungeon)
  8593 | D:10     | Entered Level 10 of the Dungeon
  9204 | D:10     | Reached skill level 10 in Axes
  9298 | D:10     | Found a staircase to the Orcish Mines.
  9363 | Lair:1   | Entered Level 1 of the Lair of Beasts
  9837 | Lair:1   | Reached ****** piety under Okawaru
  9839 | Lair:1   | Received a gift from Okawaru
 10018 | Lair:1   | Reached skill level 11 in Axes
 10066 | Lair:1   | Reached skill level 10 in Shields
 10243 | Lair:2   | Found a frozen archway.
 10263 | Lair:2   | Reached XP level 12. HP: 73/89 MP: 12/14
 10392 | IceCv    | Entered an ice cave
 12081 | IceCv    | Reached skill level 12 in Axes
 12089 | IceCv    | Got an encrusted scale mail
 12107 | IceCv    | Identified the +1 scale mail "Cups" {rC+} (You found it in
                  | an ice cave)
 12927 | Lair:2   | Noticed an eight-headed hydra
 12938 | Lair:2   | Killed a three-headed hydra
 13144 | Lair:2   | Received a gift from Okawaru
 13487 | Lair:2   | Noticed a six-headed hydra
 13498 | Lair:2   | Killed a one-headed hydra
 13610 | Lair:3   | Found a staircase to the Shoals.
 13779 | Lair:3   | Got a jewelled plate armour
 13790 | Lair:3   | Identified the +10 plate armour of Caogeu {Stlth+} (You
                  | found it on level 3 of the Lair of Beasts)
 13854 | Lair:3   | Found a staircase to the Snake Pit.
 13985 | Lair:3   | Reached XP level 13. HP: 77/98 MP: 16/16
 14715 | Lair:3   | Received a gift from Okawaru
 15393 | Lair:4   | Reached skill level 13 in Axes
 15905 | Lair:5   | Noticed Josephine
 15909 | Lair:5   | Noticed Sonja
 16135 | Lair:4   | Killed Josephine
 16200 | Lair:5   | Killed Sonja
 16211 | Lair:5   | Received a gift from Okawaru
 16903 | Lair:6   | Entered Level 6 of the Lair of Beasts
 17245 | Lair:6   | Gained mutation: You sometimes gain a little power by
                  | taking damage. [demonic ancestry]
 17245 | Lair:6   | Reached XP level 14. HP: 64/108 MP: 17/17
 17355 | Lair:6   | Reached skill level 14 in Axes
 17606 | Lair:6   | Got a distressingly furry scale mail
 17628 | Lair:6   | Identified the +5 scale mail of the Game of Kings {Int+5
                  | Stlth+} (You found it on level 6 of the Lair of Beasts)
 17727 | Lair:6   | Received a gift from Okawaru
 18237 | Lair:6   | Found a runed door.
 18239 | Lair:6   | Found a viscous altar of Jiyva.
 18239 | Lair:6   | Noticed an azure jelly
 18241 | Lair:6   | Found a staircase to the Slime Pits.
 18568 | Lair:6   | Reached skill level 10 in Fighting
 19064 | Lair:6   | Killed an azure jelly
 19252 | Orc:1    | Entered Level 1 of the Orcish Mines
 19307 | Orc:1    | Found Etamomn's Jewellery Boutique.
 19617 | Orc:1    | Noticed a stone giant
 19628 | Orc:1    | Killed a stone giant
 19945 | Orc:2    | Entered Level 2 of the Orcish Mines
 19961 | Orc:2    | Found a staircase to the Elven Halls.
 20011 | Orc:2    | Found a roughly hewn altar of Beogh.
 20114 | Orc:2    | Found a roughly hewn altar of Beogh.
 20114 | Orc:2    | Found Fytseiheag's Antique Armour Shoppe.
 20163 | Orc:2    | Noticed an orc warlord
 20349 | Orc:2    | Reached skill level 15 in Axes
 20351 | Orc:2    | Killed an orc warlord
 20434 | Orc:2    | Paralysed by an orc sorcerer for 3 turns
 20493 | Orc:2    | Found Vomil's Antique Weapon Shoppe.
 20494 | Orc:2    | Found a roughly hewn altar of Beogh.
 20497 | Orc:2    | Found Zuvy's Antique Armour Emporium.
 20917 | Orc:2    | Paralysed by an orc sorcerer for 6 turns
 20925 | Orc:2    | Found a roughly hewn altar of Beogh.
 20984 | Orc:2    | Found a roughly hewn altar of Beogh.
 21007 | Orc:2    | Found Putog's Assorted Antiques.
 21149 | Orc:2    | Found a roughly hewn altar of Beogh.
 21307 | Orc:2    | Found a roughly hewn altar of Beogh.
 21394 | Orc:2    | Bought a pair of shimmering gloves for 199 gold pieces
 21409 | Orc:2    | Identified the +2 pair of gloves of Instinct {rPois rF+
                  | Str+4} (You bought it in a shop on level 2 of the Orcish
                  | Mines)
 21716 | Orc:1    | Bought the ring "Zione" {rC+ AC+4 Str+5 Dex-3 Stlth+} for
                  | 741 gold pieces
 21779 | D:11     | Gained mutation: Your magical and physical power is
                  | slightly enhanced at high health. [demonic ancestry]
 21779 | D:11     | Reached XP level 15. HP: 117/117 MP: 18/18
 22262 | D:11     | Noticed Psyche
 22267 | D:11     | Killed Psyche
 22632 | D:12     | Noticed a fire giant
 22649 | D:12     | Reached skill level 10 in Armour
 22655 | D:12     | Received a gift from Okawaru
 22660 | D:12     | Killed a fire giant
 22916 | D:12     | Reached skill level 5 in Invocations
 23342 | D:13     | Noticed Rupert
 23345 | D:13     | Paralysed by Rupert for 3 turns
 23354 | D:13     | Killed Rupert
 23662 | D:13     | Found Ogis's Antique Weapon Boutique.
 23830 | D:14     | Reached skill level 16 in Axes
 24223 | D:14     | Found a gate to the Vaults.
 24510 | D:14     | Received a gift from Okawaru
 24925 | D:15     | Entered Level 15 of the Dungeon
 24970 | D:15     | Found a staircase to the Depths.
 25119 | D:15     | Gained mutation: You are mostly covered in icy blue scales.
                  | (AC +3) [demonic ancestry]
 25119 | D:15     | Reached XP level 16. HP: 103/126 MP: 19/19
 25453 | D:15     | Found Malliry's Distillery.
 25461 | D:15     | Bought a potion of curing for 36 gold pieces
 25461 | D:15     | Bought a potion of curing for 36 gold pieces
 25833 | Depths:1 | Entered Level 1 of the Depths
 25839 | Depths:1 | Noticed Saint Roka
 25869 | Depths:1 | Killed Saint Roka
 25869 | Depths:1 | Received a gift from Okawaru
 25875 | Depths:1 | Got a bone broad axe {god gift}
 25876 | Depths:1 | Identified the +9 broad axe of Toerutuz {antimagic, Fragile
                  | +Rage +Fly rElec} (Okawaru gifted it to you on level 1 of
                  | the Depths)
 26040 | Depths:1 | Found Irarem's Food Shoppe.
 26155 | Depths:1 | Noticed a sphinx
 26162 | Depths:1 | Killed a sphinx
 26165 | Depths:1 | Reached skill level 17 in Axes
 26628 | Depths:1 | Noticed a tengu reaver
 26971 | Depths:1 | Found a gateway to Hell.
 27039 | Depths:1 | Received a gift from Okawaru
 27390 | Depths:1 | Found a sparkling altar of Nemelex Xobeh.
 27776 | Depths:2 | Found a one-way gate leading to the halls of Pandemonium.
 27792 | Depths:2 | Gained mutation: You sometimes gain power by taking damage.
                  | [demonic ancestry]
 27792 | Depths:2 | Reached XP level 17. HP: 91/135 MP: 6/20
 28001 | Depths:2 | Found a gateway to a ziggurat.
 28011 | Depths:2 | Received a gift from Okawaru
 28061 | Depths:2 | Reached skill level 18 in Axes
 28321 | Depths:2 | Found a sparkling altar of Nemelex Xobeh.
 29079 | Depths:2 | Found a corrupted altar of Lugonu.
 29088 | Depths:2 | Found a one-way gate to the infinite horrors of the Abyss.
 29609 | Depths:3 | Received a gift from Okawaru
 29625 | Depths:3 | Reached skill level 15 in Shields
 29678 | Depths:3 | Identified the +5 arbalest of Modesty {speed, +Blink MR+
                  | Dex-5}
 29796 | Depths:3 | Found a transporter.
 29808 | Depths:3 | Received a gift from Okawaru
 30803 | Depths:3 | Reached XP level 18. HP: 68/146 MP: 6/22
 31263 | Depths:3 | Found a transporter.
 31809 | Depths:3 | Noticed a tentacled monstrosity
 31810 | Depths:3 | Noticed a caustic shrike
 31848 | Depths:3 | Killed a tentacled monstrosity
 31850 | Depths:3 | Killed a caustic shrike
 32671 | Depths:3 | Got an ancient gossamer ring
 32700 | Depths:3 | Got a scorched platinum ring
 32729 | Depths:3 | Identified the ring "Boyts" {rCorr rC- MR+ Int+4} (You
                  | found it on level 3 of the Depths)
 32731 | Depths:3 | Identified the ring "Direts" {rCorr Dex+2} (You found it on
                  | level 3 of the Depths)
 33011 | Depths:4 | Received a gift from Okawaru
 33674 | Depths:4 | Reached skill level 19 in Axes
 34283 | Depths:4 | Reached skill level 15 in Fighting
 34303 | Depths:4 | Noticed a tentacled monstrosity
 34311 | Depths:4 | Killed a tentacled monstrosity
 34341 | Depths:4 | Received a gift from Okawaru
 34479 | Depths:4 | Noticed a caustic shrike
 34522 | Depths:4 | Gained mutation: You are completely covered in icy blue
                  | scales. (AC +4, rC+) [demonic ancestry]
 34522 | Depths:4 | Reached XP level 19. HP: 101/155 MP: 7/23
 34806 | Depths:4 | Noticed a caustic shrike
 34823 | Depths:4 | Killed a caustic shrike
 34897 | Depths:4 | Paralysed by a floating eye for 3 turns
 34924 | Depths:4 | Killed a caustic shrike
 35020 | Depths:4 | Found Cuajosost's Armour Shop.
 35020 | Depths:4 | Found Cuadworchela's Assorted Antiques.
 35021 | Depths:4 | Found Daul's General Store.
 35022 | Depths:4 | Found Pamm's Assorted Antiques.
 35114 | Depths:4 | Bought a scroll of identify for 72 gold pieces
 35116 | Depths:4 | Bought a scroll of enchant armour for 120 gold pieces
 35116 | Depths:4 | Bought a scroll of magic mapping for 56 gold pieces
 35116 | Depths:4 | Bought a scroll of identify for 32 gold pieces
 35240 | Depths:4 | Received a gift from Okawaru
 35280 | Depths:4 | Cast into level 4 of the Abyss (a lich)
 35281 | Abyss:4  | Found a corrupted altar of Lugonu.
 35289 | Depths:4 | Escaped the Abyss
 35436 | Depths:4 | Noticed a caustic shrike
 35449 | Depths:4 | Killed a caustic shrike
 35678 | Depths:4 | Got a scorched helmet
 35689 | Depths:4 | Identified the cursed -3 helmet "Hieg Loa" {rPois rC+} (You
                  | found it on level 4 of the Depths)
 35894 | Depths:4 | Received a gift from Okawaru
 36416 | Depths:5 | Entered Level 5 of the Depths
 36425 | Depths:5 | Noticed Sojobo
 36441 | Pan      | Entered Pandemonium
 36536 | Pan      | Gained mutation: Armour fits poorly on your strangely
                  | shaped body. [a cacodemon]
 36882 | Pan      | Gained mutation: Scrolls take you a little longer to read.
                  | [a neqoxec]
 36884 | Pan      | Gained mutation: You are weak. (Str -2) [a neqoxec]
 36890 | Pan      | Lost mutation: Armour fits poorly on your strangely shaped
                  | body. [potion of mutation]
 36890 | Pan      | Lost mutation: You are weak. (Str -2) [potion of mutation]
 36890 | Pan      | Lost mutation: Scrolls take you a little longer to read.
                  | [potion of mutation]
 36890 | Pan      | Gained mutation: You are agile. (Dex +2) [potion of
                  | mutation]
 36890 | Pan      | Gained mutation: You have sharp fingernails. [potion of
                  | mutation]
 36890 | Pan      | Gained mutation: Your spells are a little harder to cast,
                  | but a little more powerful. [potion of mutation]
 36904 | Pan      | Reached skill level 5 in Dodging
 37344 | Pan      | Noticed a Tzitzimitl
 37363 | Pan      | Killed a Tzitzimitl
 37363 | Pan      | Gained mutation: Your magical and physical power is
                  | enhanced at high health. [demonic ancestry]
 37363 | Pan      | Reached XP level 20. HP: 162/166 MP: 8/24
 37438 | Pan      | Gained mutation: [Your body sometimes deteriorates upon
                  | taking damage.] [a cacodemon]
 37648 | Pan      | Received a gift from Okawaru
 37704 | Pan      | Demolished by a torturous warmonger

Vault maps used:
D:1:      minmay_arrival_up_and_down
D:2:      kiku_gazebo_garden_becter
D:3:      led_sif_pool, lemuel_crystal_altar, nicolae_ru_sacrificial_ziggurat
D:4:      minmay_temple_entry_grid, first_ration
D:5:      minmay_opposing_rooms
D:6:      kennysheep_mini, lemuel_doored_altar, serial_shops,
          nicolae_shop_statue_plus
D:7:      hangedman_decor_opposing
D:8:      cheibrodos_statue_roulette, grunt_temple_overflow_holy_war,
          nicolae_overflow_hidden_temple
D:9:      chequers_temple_overflow_minitemple, dpeg_lair_monsters, serial_shops,
          nicolae_shop_stone, uniq_erolcha
D:10:     hiddenorc1_lemuel
D:11:     kennysheep_cluttered_room, uniq_psyche
D:12:     minmay_containers
D:13:     serial_shops, shop, uniq_rupert
D:14:     hangedman_vaults_entry_quadrant_bands, minivault_23
D:15:     gammafunk_depths_entry_grave, serial_shops, nicolae_shop_statue_plus,
          minmay_misc_feat_nine_boxes
Temple:   nicolae_temple_figure_zero
Lair:1:   beast_lair_carwin_4
Lair:2:   portal_ice_cave_entry_pillars_2
Lair:3:   minmay_shoals_entry_centaurs, guppyfry_snake_entry_garden,
          nicolae_quartered_pool_medium
Lair:4:   grunt_megastairs_1
Lair:5:   lookout_lair_type, eino_house_with_fridge, uniq_josephine, uniq_sonja
Lair:6:   gammafunk_lair_ancient_temple, slime_altar_2
Orc:1:    serial_shops, nicolae_shop_crystal, mines3_lemuel
Orc:2:    grunt_orc_community_town_hall, grunt_orc_community_big_house_1,
          grunt_orc_community_big_house_2, grunt_orc_community_house_1,
          grunt_orc_community_house_1, grunt_orc_community_house_2,
          grunt_orc_community_house_3
Depths:1: serial_shops, shop_fountains, serial_bayou_pond_c,
          hangedman_geh_valley, nemelex_diamond_rough_becter, uniq_saint_roka
Depths:2: due_chaos_kobolds, enter_ziggurat_e, rand_demon_pan_entry_5,
          small_statue_intersection, hangedman_coc_ice_floe, lemuel_statue_altar
Depths:3: gammafunk_dig_for_victory, hell_entry, pan_entry,
          basic_stair_grate_trap, grunt_megastairs_3,
          infiniplex_staircase_zigzag_5
Depths:4: hangedman_box_tower, abyss_entry, minmay_misc_feat_roman, hell_entry,
          basic_stair_grate_trap
Depths:5: grunt_zot_entry_funnels, chequers_serial_rivers_micro_b, pan_entry,
          serial_sigils, serial_sigils_hangedman_snap,
          serial_sigils_hangedman_gut, serial_sigils_hangedman_snap,
          serial_sigils_hangedman_writhe, hell_entry, uniq_sojobo
Abyss:4:  minivault_19, doesnt_abyss_rune_brain_food,
          evilmike_abyss_exit_mutagenic
Pan:      evilmike_mini_pan_T, uniq_mennas_pan, pan_blood_fountain,
          nicolae_pan_mnolegish_5, evilmike_mini_pan_3x3
IceCv:    ice_cave_tombish

Skill      XL: |  1  2  3  4  5  6  7  8  9 10 11 12 13 14 15 16 17 18 19 |
---------------+----------------------------------------------------------+-----
Axes           | 2 3 4 5 6 7 9 11 12 13 15 16 17 18 19 | 19.8
Armour         | 3 4 5 6 7 8 9 10 11 12 | 12.6
Shields        | 3 4 5 6 7 8 10 11 12 13 14 15 16 17 | 17.3
Dodging        | 1 2 3 4 5 |  5.3
Stealth        | 1 2 |  2.9
Fighting       | 4 5 6 8 9 10 11 12 14 15 16 | 16.5
Invocations    | 1 2 3 4 5 |  5.8
Evocations     | |  0.7

Action                   |  1- 3 |  4- 6 |  7- 9 | 10-12 | 13-15 | 16-18 | 19-21 || total
-------------------------+-------+-------+-------+-------+-------+-------+-------++-------
Melee: War axe           |   111 |    95 |   227 |   670 |   130 |       |       ||  1233
       Kick              |       |       |       |   332 |   547 |   545 |   288 ||  1712
       Broad axe         |       |       |       |       |  1015 |   919 |   446 ||  2380
Invok: Heroism           |       |       |     7 |    20 |    11 |     6 |     7 ||    51
       Finesse           |       |       |       |     4 |     2 |     1 |       ||     7
Evoke: Wand              |       |       |       |       |       |     6 |       ||     6
  Use: Scroll            |       |     6 |       |    11 |    10 |    11 |     6 ||    44
       Potion            |       |       |     1 |     3 |       |     1 |     1 ||     6
 Stab: Distracted        |       |       |       |       |       |     2 |       ||     2
  Eat: Chunk             |     3 |     4 |     9 |    13 |    33 |    21 |     7 ||    90
       Ration            |       |       |     1 |     3 |     1 |     3 |     1 ||     9
Armor: Scale mail        |    30 |    20 |       |    37 |       |       |       ||    87
       Chain mail        |    38 |    32 |    61 |    21 |       |       |       ||   152
       Plate armour      |       |       |       |   174 |   444 |   438 |   173 ||  1229
Dodge: Dodged            |    20 |    12 |    24 |    95 |   190 |   247 |    87 ||   675
Block: Shield            |    68 |    17 |       |       |       |       |       ||    85
       Large shield      |       |    66 |   188 |   559 |  1020 |   955 |   377 ||  3165

Table legend:
 A = Non-vault XP
 B = Vault XP
 C = Vault XP percentage of total XP
 D = Non-vault monster count
 E = Vault monster count
 F = Vault count percentage of total count
                 A         B        C        D         E       F
            +---------+---------+-------+---------+---------+-------
      Total |  294728 |  197953 |  40.2 |     813 |     332 |  29.0
            +---------+---------+-------+---------+---------+-------
        D:1 |      22 |       0 |   0.0 |      14 |       0 |   0.0
        D:2 |      63 |       0 |   0.0 |      19 |       0 |   0.0
        D:3 |      83 |       0 |   0.0 |      23 |       0 |   0.0
        D:4 |     232 |       0 |   0.0 |      16 |       0 |   0.0
        D:5 |     615 |     173 |  22.0 |      19 |       7 |  26.9
        D:6 |     510 |       0 |   0.0 |       9 |       0 |   0.0
        D:7 |     625 |       0 |   0.0 |      17 |       0 |   0.0
        D:8 |    1575 |    1698 |  51.9 |      12 |       4 |  25.0
        D:9 |    3030 |    2961 |  49.4 |      28 |       5 |  15.2
       D:10 |    2484 |     287 |  10.4 |      20 |      17 |  45.9
       D:11 |    3088 |     448 |  12.7 |      42 |       1 |   2.3
       D:12 |    6411 |    5930 |  48.1 |      39 |       8 |  17.0
       D:13 |    5744 |    3061 |  34.8 |      24 |       1 |   4.0
       D:14 |   10544 |    5314 |  33.5 |      32 |      18 |  36.0
       D:15 |   12965 |    4097 |  24.0 |      44 |       8 |  15.4
     Lair:1 |    5195 |    1592 |  23.5 |      23 |       6 |  20.7
     Lair:2 |   12043 |       0 |   0.0 |      32 |       0 |   0.0
     Lair:3 |    5584 |     739 |  11.7 |      17 |       6 |  26.1
     Lair:4 |    4111 |    2114 |  34.0 |      22 |       5 |  18.5
     Lair:5 |    3977 |    2523 |  38.8 |      13 |      17 |  56.7
     Lair:6 |   18222 |   12068 |  39.8 |      51 |      26 |  33.8
      Orc:1 |    2557 |    2136 |  45.5 |      22 |       6 |  21.4
      Orc:2 |    4607 |    6215 |  57.4 |      32 |      59 |  64.8
   Depths:1 |   31089 |    6218 |  16.7 |      49 |      11 |  18.3
   Depths:2 |   50765 |    2430 |   4.6 |      62 |      13 |  17.3
   Depths:3 |   37771 |   40938 |  52.0 |      52 |      30 |  36.6
   Depths:4 |   29688 |   92211 |  75.6 |      36 |      62 |  63.3
   Depths:5 |    2642 |       0 |   0.0 |       5 |       0 |   0.0
        Pan |   38486 |       0 |   0.0 |      39 |       0 |   0.0
      IceCv |       0 |    4800 | 100.0 |       0 |      22 | 100.0
            +---------+---------+-------+---------+---------+-------
